 Dungeon Crawl Stone Soup version 0.19.0-2-gae57169 (webtiles) character file.

112 mopl the Chopper (level 4, -3/58 HPs)
             Began as a Hill Orc Berserker on Nov 5, 2016.
             Was an Initiate of Gozag.
             Slain by a polar bear (12 damage)
             ... created by the rage of Trog
             ... on level 3 of the Dungeon.
             The game lasted 00:04:08 (1972 turns).

mopl the Chopper (Hill Orc Berserker)               Turns: 1972, Time: 00:04:09

Health: -3/58      AC: 22    Str: 19    XL:     4   Next: 93%
Magic:  4/4        EV:  2    Int:  7    God:    Gozag
Gold:   254        SH:  0    Dex: 11    Spells: 0 memorised, 3 levels left

rFire  . . .     SeeInvis .     a - +0 hand axe
rCold  . . .     Gourm    .     (armour currently unavailable)
rNeg   + + +     Faith    .     (no shield)
rPois  +         Spirit   .     (helmet currently unavailable)
rElec  .         Reflect  .     (cloak currently unavailable)
rCorr  .         Harm     .     (gloves currently unavailable)
MR     .....     NoTele   +     (boots currently unavailable)
Stlth  +.........               (no amulet)
                                (no ring)
                                e - ring of teleportation

@: tree-form, gold aura, slowed, drained, very slow
A: no striking features
a: Potion Petition, Call Merchant, Bribe Branch, Renounce Religion


You were on level 3 of the Dungeon.
You worshipped Gozag.
Gozag was aware of your devotion.
You were not hungry.
You were a tree.
You visited 1 branch of the dungeon, and saw 3 of its levels.

You collected 312 gold pieces.
You paid 58 gold pieces to Gozag.

Inventory:

Hand Weapons
 a - a +0 hand axe (weapon)
 k - a +0 mace of draining
Missiles
 f - 3 tomahawks
 o - 3 javelins of penetration (quivered)
Armour
 v - a +0 plate armour (melded)
 w - a +1 cloak (melded)
Jewellery
 b - a cursed ring of resist corrosion {unknown}
 e - a ring of teleportation (left branch)
 n - an uncursed ring of fire
Scrolls
 h - a scroll of fog
Potions
 d - a potion of agility
 i - 4 potions of haste
 p - a potion of cancellation {unknown}
 r - a potion of mutation {unknown}
 s - a potion of magic {unknown}
Comestibles
 c - 2 bread rations


   Skills:
 - Level 3.6(3.2) Fighting
 + Level 7.2(6.7) Axes
 - Level 2.1(1.7) Armour
 - Level 1.5(1.1) Dodging


You had 3 spell levels left.
You didn't know any spells.

Dungeon Overview and Level Annotations

Branches:
Dungeon (3/15)

Altars:
Cheibriados
Gozag
Nemelex Xobeh


Message History

* * * LOW HITPOINT WARNING * * *
The polar bear claws you.
* * * LOW HITPOINT WARNING * * *
The polar bear claws you.
* * * LOW HITPOINT WARNING * * *
The polar bear is distracted by your gold.
The polar bear bites you.
* * * LOW HITPOINT WARNING * * *
The polar bear completely misses you.
The polar bear claws you but does no damage.
The polar bear bites you but does no damage.
The polar bear claws you but does no damage. x2
The polar bear growls angrily.
Unknown command.
Okay, then.
It was a potion of curing.
You feel better.
The polar bear is no longer distracted by gold.
The polar bear bites you!
You die...
Your body crumbles into a pile of gold.

#####.###...........
#...............
################
############
#..........#########...
##.########...hh♣hh...#
...# ############# ####


You could see 3 polar bears and a black bear (berserk).

Vanquished Creatures
  Jessica (D:2)
  3 adders (D:3)
  A worm (D:2)
  2 dart slugs
  A leopard gecko (D:1)
  5 orcs (D:3)
  2 giant cockroaches (D:3)
  6 goblins
  4 hobgoblins
  3 jackals (D:2)
  2 quokkas
  A ball python (D:1)
  2 bats
  5 frilled lizards
  4 kobolds
  5 rats
47 creatures vanquished.

Notes
Turn   | Place    | Note
-------+----------+-------------------------------------------
     0 | D:1      | mopl the Hill Orc Berserker began the quest for the Orb.
     0 | D:1      | Reached XP level 1. HP: 19/19 MP: 1/1
   158 | D:1      | Reached XP level 2. HP: 18/26 MP: 2/2
   683 | D:2      | Reached skill level 5 in Axes
   748 | D:2      | Noticed Jessica
   751 | D:2      | Killed Jessica
   751 | D:2      | Reached XP level 3. HP: 19/31 MP: 3/3
   790 | D:2      | Reached skill level 6 in Axes
  1103 | D:2      | Reached ** piety under Trog
  1109 | D:2      | Reached XP level 4. HP: 38/39 MP: 4/4
  1329 | D:3      | Found an opulent altar of Gozag.
  1368 | D:3      | Fell from the grace of Trog
  1368 | D:3      | Became a worshipper of Gozag Ym Sagoz the Greedy
  1674 | D:3      | Found a sparkling altar of Nemelex Xobeh.
  1747 | D:3      | Found a snail-covered altar of Cheibriados.
  1778 | D:3      | Reached skill level 7 in Axes
  1968 | D:3      | Noticed a polar bear
  1968 | D:3      | Noticed a black bear
  1968 | D:3      | Noticed a polar bear
  1968 | D:3      | Noticed a polar bear
  1971 | D:3      | HP: 2/58 [polar bear[the rage of Trog] (6)]
  1972 | D:3      | Slain by a polar bear

Skill      XL: |  1  2  3  4 |
---------------+-------------+-----
Axes           | 5 6 7 |  7.2
Fighting       | |  3.6
Armour         | |  2.1
Dodging        | |  1.5

Action                   |  1- 3 |  4- 6 || total
-------------------------+-------+-------++-------
Melee: Hand axe          |    82 |    71 ||   153
Invok: Berserk           |     3 |       ||     3
  Use: Scroll            |       |    10 ||    10
       Potion            |       |     5 ||     5
  Eat: Chunk             |     3 |     1 ||     4
       Bread ration      |       |     1 ||     1
Armor: Animal skin       |    14 |       ||    14
       Ring mail         |     4 |       ||     4
       Plate armour      |       |    20 ||    20
       Skin              |       |     7 ||     7
Dodge: Dodged            |    39 |    31 ||    70
